Map: Eastwatch LE

Players

Vision

  • Race: Zerg Zerg
  • League: Diamond
  • Spawn Location: 1:00

HotboxHero - Winner!

  • Race: Protoss Protoss
  • League: Diamond
  • Spawn Location: 7:00

VOD

Have the link to the VOD?

Description

For Neuro to coach, hopefully.

Time

  • Played on: Feb. 25, 2018, 9:42 p.m.
  • Length: 15:40
Show
View Real Time Build Order
Export as new Build Order

Vision Zerg 

Build Orders: Hatch First, Lurkers 

Get SALT Encoding   

  12  0:01  Drone  
  13  0:12  Overlord  
  13  0:17  Drone  
  14  0:30  Drone  
  14  0:31  Drone  
  14  0:34  Drone  
  17  0:46  Drone  
  18  0:57  Hatchery  
  18  1:01  Drone  
  18  1:07  Extractor  
  17  1:17  Spawning Pool  
  16  1:19  Drone  
  16  1:22  Drone  
  18  1:28  Drone  
  19  1:39  Overlord  
  19  1:53  Drone  
  20  2:03  Drone  
  20  2:05  Queen  
  23  2:09  Queen  
  23  2:11  Zergling x2  
  23  2:13  Drone  
  27  2:28  Drone x2  
  29  2:31  Drone  
  29  2:37  Zergling x2  
  31  2:51  Drone x2  
  32  2:54  Hatchery  
  32  2:56  Zergling x4  
  34  3:08  Drone x2  
  36  3:14  Overlord  
  36  3:24  Metabolic Boost  
  35  3:31  Queen  
  37  3:43  Pneumatized Carapace  
  37  3:47  Spore Crawler  
  36  3:48  Spore Crawler  
  36  3:51  Drone  
  36  3:52  Drone x5  
  41  4:00  Overlord  
  41  4:01  Overlord  
  41  4:02  Drone x2  
  43  4:07  Queen  
  45  4:13  Drone  
  45  4:15  Drone  
  45  4:16  Drone x2  
  49  4:17  Overlord x2  
  49  4:22  Drone x2  
  51  4:35  Evolution Chamber  
  51  4:37  Spore Crawler  
  49  4:40  Drone x7  
  49  4:44  Zergling x2  
  49  4:45  Zergling x6  
  60  4:46  Zergling x2  
  61  5:12  Zerg Melee Weapons Level 1  
  61  5:16  Drone x4  
  65  5:26  Overlord  
  65  5:27  Overlord  
  65  5:31  Zergling x12  
  65  5:32  Zergling x4  
  65  5:34  Overlord x2  
  65  5:58  Zergling x2  
  65  5:59  Zergling x18  
  75  6:14  Baneling Nest  
  75  6:15  Lair  
  75  6:17  Drone  
  75  6:18  Extractor, Drone x11  
  81  6:19  Extractor  
  84  6:33  Hatchery  
  83  6:46  Overlord x3  
  83  6:47  Zergling x2  
  83  6:48  Zergling x16  
  83  6:51  Queen x2  
  83  6:53  Extractor  
  95  6:55  Extractor  
  95  6:59  Baneling  
  95  7:00  Baneling x13  
  95  7:01  Baneling x2  
  94  7:03  Drone x3  
  94  7:04  Drone  
  94  7:05  Drone x3  
  96  7:35  Zergling x2  
  96  7:36  Zergling x22  
  86  7:57  Extractor  
  85  7:58  Zerg Melee Weapons Level 2  
  85  8:00  Hydralisk Den  
  84  8:11  Queen  
  84  8:12  Queen  
  88  8:14  Drone  
  88  8:15  Drone x8, Hatchery  
  88  8:18  Zergling x20  
  88  8:19  Hatchery  
  105  8:29  Grooved Spines  
  105  8:30  Hydralisk x6  
  117  8:47  Spore Crawler  
  116  8:51  Queen  
  116  8:52  Drone x6  
  116  8:53  Drone  
  125  8:56  Overlord x4  
  125  8:58  Hydralisk  
  125  8:59  Zergling x2  
  128  9:06  Infestation Pit  
  127  9:36  Hydralisk x4, Zergling x4  
  127  9:37  Hydralisk x6, Zergling x10  
  127  9:38  Hydralisk, Zergling x10  
  158  9:41  Muscular Augments  
  158  9:44  Hive  
  161  9:45  Lurker Den  
  161  9:50  Evolution Chamber  
  157  9:53  Hydralisk x2  
  157  9:54  Hydralisk x2, Zergling x8  
  157  9:55  Zergling x4  
  157  9:56  Overlord x2  
  157  9:57  Overlord x5  
  171  10:15  Hydralisk  
  171  10:16  Hydralisk x5, Zergling x8  
  171  10:17  Hydralisk x2, Zergling x8  
  195  10:29  Drone  
  195  10:30  Hydralisk, Zergling x2  
  199  10:37  Baneling  
  199  10:38  Baneling x12  
  199  10:39  Baneling x4  
  199  10:40  Baneling  
  199  10:47  Zergling x2  
  199  10:48  Zergling x2  
  200  10:53  Zerg Missile Weapons Level 1  
  195  11:16  Hydralisk  
  195  11:17  Hydralisk x5, Zergling x6  
  195  11:18  Hydralisk x6, Zergling x12  
  178  11:19  Zergling x10  
  178  11:20  Zergling x6  
  144  11:28  Hydralisk x3, Zergling x8  
  144  11:29  Zergling x8  
  146  11:45  Hydralisk x5, Zergling x6  
  146  11:46  Zergling x10  
  146  11:47  Zergling x8  
  151  11:57  Baneling  
  151  11:58  Baneling x7  
  151  11:59  Baneling  
  151  12:00  Zergling x2  
  151  12:01  Zergling x16  
  160  12:15  Drone x4  
  163  12:16  Hydralisk, Drone  
  163  12:17  Hydralisk, Zergling x8  
  163  12:18  Zergling x2  
  174  12:28  Extractor  
  174  12:29  Extractor  
  172  12:34  Adaptive Talons  
  173  12:37  Lurker x3  
  173  12:43  Overseer x2  
  173  12:44  Overseer  
  175  12:50  Lurker  
  176  13:00  Zerg Missile Weapons Level 2  
  140  13:31  Zergling x2  
  140  13:32  Zergling x42  
  140  13:33  Zergling x44  
  184  13:57  Adrenal Glands  
  179  14:22  Hydralisk x3, Zergling x4  
  179  14:23  Hydralisk x2, Zergling x10  
  195  14:40  Hatchery  
  182  14:46  Hydralisk x5  
  182  14:51  Hatchery  
  149  14:55  Hydralisk x6, Zergling x6  
  149  14:56  Hydralisk x4, Zergling x10  
  149  14:57  Zergling x4  
  149  14:58  Zergling x2  
  160  15:04  Lurker x4  
  160  15:05  Lurker  
  127  15:14  Lurker x2  
  127  15:15  Lurker x3  
  127  15:20  Zergling x8  
  140  15:21  Zergling x2  
Show
View Real Time Build Order
Export as new Build Order

HotboxHero Protoss - Winner!

Build Orders: 1 Gate Expand, Oracle Opening 

Get SALT Encoding   

  12  0:00  Probe  
  13  0:13  Probe  
  14  0:22  Pylon  
  14  0:25  Probe  
  15  0:40  Probe (Chrono Boost)  
  15  0:41  Gateway  
  17  0:50  Assimilator  
  17  0:51  Probe (Chrono Boost)  
  17  0:56  Probe (Chrono Boost)  
  18  1:06  Probe  
  19  1:25  Nexus  
  19  1:30  Probe  
  20  1:41  Cybernetics Core  
  20  1:43  Probe  
  21  1:48  Assimilator  
  21  1:55  Probe  
  22  2:07  Probe  
  23  2:13  Pylon  
  23  2:18  Warp Gate  
  23  2:28  Probe  
  23  2:30  Adept (Chrono Boost)  
  23  2:36  Stargate  
  26  2:38  Probe (Chrono Boost)  
  26  2:39  Probe (Chrono Boost)  
  28  2:48  Adept  
  28  2:50  Probe (Chrono Boost)  
  32  2:51  Probe (Chrono Boost)  
  32  2:55  Probe (Chrono Boost)  
  32  2:58  Probe  
  34  3:05  Probe  
  35  3:10  Probe  
  36  3:17  Oracle (Chrono Boost), Probe  
  36  3:18  Adept  
  42  3:22  Probe  
  41  3:28  Pylon x2  
  41  3:32  Pylon  
  41  3:35  Probe x2  
  43  3:47  Probe x2  
  45  3:51  Gateway  
  45  3:52  Gateway  
  45  3:57  Assimilator  
  45  3:59  Probe x2  
  47  4:03  Assimilator  
  47  4:09  Phoenix (Chrono Boost)  
  49  4:11  Probe x2  
  51  4:23  Probe x2  
  53  4:31  Oracle (Chrono Boost)  
  53  4:34  Pylon  
  53  4:36  Probe x2, Robotics Facility  
  58  4:44  Twilight Council  
  58  4:46  Gateway  
  58  4:59  Nexus  
  58  5:04  Pylon  
  58  5:08  Probe x2  
  58  5:12  Sentry x2  
  58  5:13  Zealot  
  66  5:21  Templar Archives  
  66  5:24  Gateway  
  66  5:25  Warp Prism (Chrono Boost)  
  66  5:30  Probe  
  66  5:32  Probe  
  69  5:55  Psionic Storm  
  69  6:00  Probe  
  70  6:05  Charge (Chrono Boost)  
  70  6:11  Probe  
  71  6:13  Pylon  
  71  6:14  Pylon  
  71  6:15  Pylon  
  71  6:17  Immortal  
  71  6:23  High Templar x2  
  71  6:25  High Templar  
  81  6:30  Probe x2  
  81  6:31  Probe  
  84  6:39  Assimilator  
  84  6:41  Assimilator, Zealot x2  
  84  6:44  Shield Battery  
  88  6:48  Shield Battery  
  88  6:49  Immortal  
  88  6:55  Probe (Chrono Boost)  
  88  6:59  Probe x2 (Chrono Boost)  
  95  7:05  Probe (Chrono Boost)  
  98  7:09  Probe x2 (Chrono Boost)  
  98  7:10  Probe (Chrono Boost), Zealot x2  
  98  7:11  Zealot x3  
  109  7:24  Forge  
  109  7:26  Forge  
  109  7:27  Probe x2  
  95  7:41  Probe x2 (Chrono Boost)  
  90  7:46  Probe (Chrono Boost)  
  90  7:47  Protoss Ground Weapons Level 1  
  90  7:49  High Templar  
  90  7:50  Probe (Chrono Boost), High Templar x4  
  90  7:51  Probe (Chrono Boost), Immortal (Chrono Boost)  
  102  7:54  Probe (Chrono Boost)  
  107  8:01  Protoss Ground Armor Level 1  
  107  8:04  Pylon  
  107  8:05  Pylon  
  107  8:07  Pylon  
  107  8:08  Pylon, Probe  
  107  8:09  Probe  
  109  8:22  Probe  
  109  8:25  Gateway x2  
  110  8:27  Probe x2  
  110  8:28  Gateway  
  110  8:31  Pylon  
  112  8:34  Probe  
  112  8:36  Shield Battery, Photon Cannon  
  112  8:39  High Templar  
  112  8:40  Zealot, High Templar  
  112  8:41  Zealot x2  
  123  8:42  Immortal (Chrono Boost)  
  123  8:46  Archon  
  127  9:01  Robotics Facility  
  127  9:03  Probe  
  127  9:04  Probe x2  
  127  9:08  High Templar x2  
  127  9:09  Zealot  
  136  9:12  Archon  
  136  9:15  Probe  
  136  9:16  Probe x2  
  139  9:25  High Templar x2  
  139  9:26  Zealot x3  
  139  9:29  Archon  
  149  9:35  Gateway  
  149  9:40  Gateway  
  149  9:44  Nexus  
  149  9:48  Pylon  
  148  10:03  Probe  
  148  10:06  Probe x2  
  151  10:09  Pylon  
  151  10:10  Protoss Ground Weapons Level 2 (Chrono Boost)  
  151  10:11  Pylon, Protoss Shields Level 1 (Chrono Boost)  
  151  10:14  Pylon  
  151  10:15  Pylon, Probe  
  151  10:16  Pylon  
  151  10:17  Immortal  
  156  10:28  Immortal  
  160  10:29  High Templar x2  
  160  10:32  High Templar x2  
  160  10:33  Archon  
  168  10:36  Archon  
  168  10:59  Zealot x6  
  116  11:28  Zealot x3  
  116  11:29  Zealot x7  
  134  11:42  Assimilator  
  134  11:47  Assimilator  
  134  11:51  Gateway  
  134  11:52  Gateway  
  134  11:53  High Templar x3  
  134  11:54  High Templar x6  
  144  11:57  Archon x2  
  144  11:58  Gateway, Archon x2  
  144  11:59  Gateway  
  152  12:04  Zealot  
  152  12:05  Pylon x2  
  154  12:28  High Templar x4  
  154  12:29  Zealot x2  
  166  12:30  Zealot x4  
  166  12:33  Archon x2  
  174  12:38  Protoss Ground Weapons Level 3 (Chrono Boost)  
  174  12:49  Protoss Shields Level 2 (Chrono Boost)  
  148  13:38  Zealot x6  
  148  13:39  Zealot  
  148  13:40  Zealot x3  
  168  13:55  Immortal x2  
  176  14:10  High Templar x3  
  176  14:11  High Templar x5  
  176  14:12  Zealot x2  
  186  14:19  Archon x4  
  176  14:34  Immortal x2  
  184  14:38  Zealot x2  
  168  15:08  Zealot x5  
  168  15:09  Zealot x7  
  168  15:10  Zealot x2  
Tags
 
Add a new tag
Caveats
  • Supply blocks, unpowered buildings, or Contaminate may cause inaccurate times.
  • Supply counts are checked every 10 seconds.